Map: Dragon Scales LE

Players

BigOleJim - Winner!

  • Race: Terran Terran
  • League: Gold
  • Spawn Location: 5:00

MattBarry

  • Race: Zerg Zerg
  • League: Gold
  • Spawn Location: 11:00

VOD

Have the link to the VOD?

Description

Time

  • Played on: Feb. 11, 2023, 12:28 a.m.
  • Length: 14:16
Show
View Real Time Build Order
Export as new Build Order

BigOleJim Terran - Winner!

Build Orders: Gas First Reaper Expand 

Get SALT Encoding   

  12  0:00  SCV  
  13  0:12  SCV  
  14  0:21  Supply Depot  
  14  0:25  SCV  
  15  0:31  Refinery  
  16  0:42  SCV  
  16  0:46  Barracks  
  16  1:01  SCV  
  17  1:13  SCV  
  19  1:25  SCV  
  19  1:41  Supply Depot  
  19  1:43  Reaper  
  19  1:45  Orbital Command  
  20  2:03  Command Center  
  20  2:12  SCV  
  20  2:15  Reaper  
  22  2:24  SCV  
  22  2:28  Barracks  
  23  2:36  SCV  
  24  2:44  Factory  
  24  2:47  Marine  
  24  2:49  SCV  
  25  2:55  Supply Depot  
  25  3:01  SCV  
  26  3:13  SCV  
  27  3:20  Orbital Command  
  27  3:24  Marine x2  
  27  3:25  SCV  
  30  3:45  Barracks Tech Lab  
  30  3:46  Barracks Reactor  
  28  3:59  Orbital Command  
  28  4:02  Bunker  
  28  4:05  Marine  
  28  4:07  SCV  
  30  4:15  Factory Tech Lab  
  30  4:19  Starport, SCV  
  30  4:21  Refinery  
  30  4:23  Marine  
  32  4:25  SCV  
  33  4:31  SCV  
  33  4:33  Combat Shield  
  33  4:37  SCV  
  35  4:43  SCV  
  36  4:48  Siege Tank  
  36  4:49  SCV  
  40  4:53  Refinery  
  40  4:56  SCV  
  41  5:01  SCV  
  41  5:08  SCV  
  39  5:18  Marine x3  
  38  5:30  Siege Tank  
  41  5:36  Marine x3  
  41  5:39  Bunker, SCV x2  
  46  5:44  Starport Reactor  
  46  5:48  Supply Depot  
  46  5:51  SCV x2  
  46  5:54  Refinery  
  48  6:01  Marine x3  
  48  6:02  Siege Tank  
  54  6:10  Supply Depot, SCV x2  
  56  6:19  Marine  
  56  6:22  Barracks, SCV x2  
  59  6:26  Barracks  
  59  6:31  Marine, Marauder  
  62  6:34  Supply Depot, SCV, Siege Tank  
  62  6:38  Engineering Bay  
  66  6:44  Marine  
  66  6:45  SCV  
  66  6:46  SCV  
  69  6:55  Viking, Medivac  
  69  6:57  SCV  
  69  6:58  SCV  
  74  7:06  Siege Tank  
  77  7:14  Missile Turret x2  
  77  7:23  Missile Turret x2  
  77  7:24  Marine x3  
  77  7:25  Barracks Reactor  
  77  7:26  Refinery  
  77  7:27  Marine  
  81  7:31  Medivac  
  81  7:35  Missile Turret  
  83  7:46  Marine x3  
  86  7:58  Marine  
  86  7:59  Terran Infantry Weapons Level 1  
  86  8:00  Stimpack  
  86  8:01  Supply Depot  
  86  8:02  Marine  
  86  8:03  Supply Depot x2, Marine  
  89  8:06  Marine x3  
  89  8:08  SCV x2  
  94  8:22  SCV x2  
  96  8:29  Marine x3, Marauder  
  96  8:31  Medivac  
  103  8:34  SCV  
  104  8:43  Command Center  
  104  8:51  Marauder  
  92  9:21  Marine x2  
  92  9:22  Marine x2  
  89  9:28  Siege Tank  
  87  9:33  Marauder  
  88  9:38  Barracks Tech Lab  
  88  9:40  Medivac x2  
  92  9:46  SCV x2  
  92  9:48  Marine x2  
  92  9:49  Marine x2  
  98  9:55  Marauder  
  98  9:58  SCV x2  
  98  9:59  Factory  
  102  10:00  Siege Tank  
  102  10:06  Marine  
  106  10:07  Planetary Fortress  
  106  10:10  Marine x4, SCV x2, Medivac x2  
  116  10:16  Marauder  
  116  10:20  Supply Depot  
  118  10:21  Supply Depot  
  118  10:22  Terran Infantry Armor Level 1, SCV x2  
  118  10:24  Marine  
  121  10:32  Siege Tank  
  121  10:34  SCV, Refinery  
  121  10:35  Marine x3, Marauder  
  130  10:36  SCV, Refinery  
  130  10:37  Marine  
  130  10:39  Supply Depot  
  132  10:44  Supply Depot  
  132  10:46  SCV  
  133  10:52  Marine x2  
  133  10:55  Marauder  
  137  11:00  SCV x3  
  137  11:02  Factory Tech Lab  
  140  11:04  Siege Tank  
  143  11:12  SCV x2  
  145  11:22  Marine x3, Marauder  
  145  11:23  Marine, Marauder  
  153  11:30  Siege Tank  
  153  11:31  Medivac  
  153  11:32  Medivac  
  160  11:36  Siege Tank  
  163  11:40  Marine x2  
  165  11:48  Barracks  
  165  11:49  Supply Depot  
  165  11:51  Barracks, Marauder  
  167  11:55  SCV x3  
  167  11:56  Supply Depot, Marine, Marauder  
  167  11:58  Supply Depot  
  173  12:03  Marine  
  173  12:07  SCV  
  175  12:12  Supply Depot, Marauder  
  177  12:20  Marine  
  177  12:21  Marine x2, Marauder  
  177  12:22  Siege Tank x2  
  188  12:25  SCV x3  
  191  12:32  Viking  
  191  12:34  Marauder  
  195  12:37  SCV  
  168  12:54  Siege Tank x2  
  168  12:58  Marine x4, Marauder x2  
  162  13:00  Medivac  
  166  13:15  Marine  
  166  13:16  Marine x4  
  175  13:20  Marauder x2  
  175  13:26  Siege Tank x2  
  181  13:41  Marauder x2  
Show
View Real Time Build Order
Export as new Build Order

MattBarry Zerg 

Build Orders: Hatch First 

Get SALT Encoding   

  12  0:01  Drone  
  13  0:13  Overlord  
  13  0:16  Drone  
  14  0:31  Drone  
  14  0:32  Drone  
  16  0:39  Drone  
  17  0:55  Hatchery  
  16  1:00  Drone  
  16  1:03  Extractor  
  16  1:12  Spawning Pool  
  15  1:21  Drone x2  
  17  1:26  Extractor  
  16  1:35  Drone  
  17  1:40  Drone  
  17  1:43  Drone  
  19  1:55  Drone  
  20  2:02  Queen  
  20  2:06  Queen  
  20  2:08  Zergling x4  
  26  2:15  Metabolic Boost  
  26  2:18  Drone  
  27  2:23  Overlord  
  27  2:32  Drone  
  28  2:44  Drone x3  
  31  2:57  Evolution Chamber  
  30  2:59  Roach Warren  
  30  3:02  Queen  
  32  3:12  Drone  
  32  3:13  Drone x2  
  34  3:23  Zerg Missile Weapons Level 1  
  34  3:29  Evolution Chamber  
  34  3:33  Spore Crawler  
  31  3:40  Zergling x4  
  31  3:41  Zergling x2  
  34  3:45  Roach  
  36  3:57  Overlord x2  
  36  4:03  Lair  
  36  4:19  Roach x3  
  42  4:24  Drone  
  42  4:25  Drone x2  
  45  4:44  Queen  
  45  4:45  Drone x3  
  49  4:46  Drone x2  
  49  4:50  Overlord  
  51  5:13  Drone x3, Overlord x3  
  53  5:16  Roach  
  52  5:30  Roach  
  52  5:31  Roach x4  
  52  5:35  Zerg Ground Armor Level 1  
  54  5:43  Drone x3  
  57  5:58  Drone  
  57  5:59  Drone x5  
  57  6:00  Zerg Missile Weapons Level 2  
  63  6:15  Spore Crawler, Extractor  
  63  6:16  Extractor  
  60  6:22  Hatchery  
  60  6:24  Queen x2  
  63  6:25  Overlord  
  63  6:40  Drone x3  
  63  6:42  Zergling x8  
  68  7:13  Roach x6  
  68  7:14  Roach  
  82  7:36  Roach  
  82  7:37  Roach x6  
  96  7:40  Overlord  
  96  7:41  Overlord  
  96  7:47  Infestation Pit  
  96  7:48  Glial Reconstitution  
  95  7:53  Zerg Melee Weapons Level 1  
  95  7:59  Drone x8  
  103  8:05  Overseer  
  103  8:20  Ravager  
  103  8:21  Ravager x5  
  109  8:37  Overlord x2  
  109  8:38  Roach x2  
  113  8:45  Extractor  
  113  8:46  Extractor  
  111  8:53  Zergling x6  
  111  8:54  Hatchery  
  113  8:56  Overlord x4  
  113  9:01  Zergling x10  
  113  9:02  Zergling x12  
  74  9:26  Queen x2  
  80  9:33  Zerg Ground Armor Level 2  
  80  9:35  Hatchery  
  77  9:38  Hive  
  77  9:41  Drone x2  
  77  9:42  Drone x6  
  77  9:43  Drone x2  
  77  9:44  Drone  
  88  10:04  Pneumatized Carapace  
  88  10:18  Roach  
  88  10:19  Roach x6  
  88  10:20  Roach x2  
  88  10:21  Roach x4  
  114  10:29  Overlord  
  114  10:30  Roach x2  
  114  10:31  Roach x4  
  126  10:44  Hydralisk Den  
  124  11:03  Drone x15  
  128  11:23  Ravager x5  
  128  11:24  Ravager x2  
  135  11:29  Queen  
  137  11:40  Queen  
  139  11:47  Ravager x4  
  139  11:49  Roach x4  
  139  11:50  Roach x7  
  139  11:51  Roach, Zergling x12, Overlord x2  
  139  11:52  Overlord  
  172  12:15  Queen  
  172  12:20  Lurker Den  
  173  12:23  Grooved Spines  
  173  12:26  Hydralisk x2  
  177  12:31  Extractor  
  177  12:32  Extractor  
  175  12:38  Roach x4, Overlord  
  175  12:39  Zergling x2  
  175  12:42  Hatchery  
  169  12:47  Hatchery  
  112  12:55  Zergling x2  
  112  12:56  Zergling x34  
  97  13:11  Roach x9  
  110  13:18  Roach  
  110  13:19  Roach x2  
  78  13:44  Zergling x16  
  81  13:50  Zergling x10  
Tags
 
Add a new tag
Caveats
  • Supply blocks, unpowered buildings, or Contaminate may cause inaccurate times.
  • Supply counts are checked every 10 seconds.